 Dungeon Crawl Stone Soup version 0.27-a0-819-g058290f16d (webtiles) character file.

Game seed: 5505762459716609527

95 tilp the Skirmisher (level 4, -7/52 HPs)
             Began as an Ogre Brigand on Mar 29, 2021.
             Was an Initiate of Ru.
             Mangled by a hornet zombie (8 damage)
             ... on level 4 of the Dungeon.
             The game lasted 00:05:01 (4306 turns).

tilp the Skirmisher (Ogre Brigand)                  Turns: 4306, Time: 00:05:02

Health: -7/52      AC:  4    Str: 15    XL:     4   Next: 65%
Magic:  4/4        EV:  9    Int: 13    God:    Ru [......]
Gold:   134        SH:  0    Dex: 10    Spells: 3/3 levels left

rFire    . . .     SeeInvis .   b - +0 war axe
rCold    . . .     Faith    .   (no shield)
rNeg     . . .     Spirit   .   r - +0 robe
rPois    .         Reflect  .   (helmet restricted)
rElec    .         Harm     .   c - +0 cloak
rCorr    .         Rampage  .   (gloves unavailable)
Will     .....                  (boots unavailable)
Stlth    ++........             (no amulet)
HPRegen  0.17/turn              m - ring of wizardry
MPRegen  0.09/turn              (no ring)

@: no status effects
A: large, unfitting armour, tough skin 1
a: Renounce Religion


You were on level 4 of the Dungeon.
You worshipped Ru.
Ru was noncommittal.
You visited 1 branch of the dungeon, and saw 4 of its levels.

You collected 134 gold pieces.

Inventory:

Hand Weapons
 a - a +2 dagger
 b - a +0 war axe (weapon)
Missiles
 d - 8 poisoned darts (quivered)
 e - 2 curare-tipped darts {!f}
 h - 141 stones
Armour
 c - a +0 cloak (worn)
 r - a +0 robe (worn)
Jewellery
 m - a ring of wizardry (left hand)
Scrolls
 i - a scroll of enchant weapon {unknown}
 j - a scroll of acquirement {unknown}
 k - a scroll of blinking
 n - a scroll of enchant armour {unknown}
 p - a scroll of amnesia {unknown}
 t - a scroll of teleportation {unknown}
Potions
 f - a potion of haste
 g - 3 potions of curing
 l - a potion of cancellation {unknown}
 o - 2 potions of lignification
 q - a potion of might {unknown}
 s - a potion of degeneration {unknown}


   Skills:
 - Level 6.0 Fighting
 - Level 1.7 Short Blades
 - Level 2.0 Throwing
 + Level 1.4 Dodging
 - Level 3.0 Stealth


You had 3 spell levels left.
You didn't know any spells.
Your spell library was empty.

Dungeon Overview and Level Annotations

Branches:
Dungeon (4/15)
 Temple: D:4-7

Altars:
Hepliaklqana
Ru

Annotations:
D:2 1 runed translucent door, exclusions: dart slug and kobold, Crazy Yiuf, Terence
D:3 exclusion: necrophage, Ijyb


Innate Abilities, Weirdness & Mutations

You are too large for most types of armour.
You have tough skin. (AC +1)


Message History

The hobgoblin barely misses you.
You hit the hobgoblin but do no damage.
The hobgoblin is severely wounded.
The hobgoblin hits you but does no damage.
You hit the hobgoblin.
You kill the hobgoblin!
No target in view!
A hornet zombie comes into view.
Found 6 stones.
Found a stone staircase leading up.
You aren't carrying any items that you can evoke.
Really fire
e - 2 curare-tipped darts {!f}?
Unknown command.
Found 13 stones.
You hit the hornet zombie.
The hornet zombie is lightly damaged.
The hornet zombie hits you but does no damage.
Unknown command.
b - a +0 war axe (weapon)
Unknown command.
You barely miss the hornet zombie.
The hornet zombie is lightly damaged.
The hornet zombie hits you! x2
You slash the hornet zombie!
The hornet zombie is lightly damaged.
The hornet zombie hits you! The hornet zombie misses you.
You closely miss the hornet zombie.
The hornet zombie is lightly damaged.
The hornet zombie hits you!
* * * LOW HITPOINT WARNING * * *
The hornet zombie hits you.
* * * LOW HITPOINT WARNING * * *
You hit the hornet zombie.
The hornet zombie is moderately damaged.
The hornet zombie hits you.
* * * LOW HITPOINT WARNING * * *
The hornet zombie barely misses you.
You barely miss the hornet zombie.
The hornet zombie is moderately damaged.
The hornet zombie barely misses you. The hornet zombie hits you!
You die...

############.#.# #.###
#.......#.# #....
#.#######.##########
#.#.............####
#.#.#####.#...###...
#.#.#####...###8####
#.#...>.....#._._.#
####+####.############...###
<.........Z@.....(. #...##.
.........########## ##'##..
(........# #....# .........#
###### ########## # # # # #


You could see a hornet zombie.

Vanquished Creatures
  3 adders
  2 dart slugs (D:2)
  An orc (D:3)
  3 endoplasms
  4 giant cockroaches
  4 goblins
  7 hobgoblins
  2 jackals (D:2)
  5 kobolds
  3 quokkas
  8 ball pythons
  5 bats
  11 frilled lizards
  4 rats
62 creatures vanquished.

Notes
Turn   | Place    | Note
-------+----------+-------------------------------------------
     0 | D:1      | tilp the Ogre Brigand began the quest for the Orb.
     0 | D:1      | Reached XP level 1. HP: 22/22 MP: 1/1
    51 | D:1      | Reached skill level 3 in Fighting
   590 | D:1      | Reached XP level 2. HP: 31/31 MP: 2/2
   836 | D:1      | Reached skill level 4 in Fighting
  1483 | D:2      | Noticed Terence
  1499 | D:2      | Reached XP level 3. HP: 23/40 MP: 3/3
  1803 | D:2      | Reached skill level 5 in Fighting
  2276 | D:2      | Found a runed translucent door.
  2277 | D:2      | Noticed Crazy Yiuf
  2698 | D:3      | Reached XP level 4. HP: 38/52 MP: 4/4
  2918 | D:3      | Noticed Ijyb
  3015 | D:3      | Reached skill level 6 in Fighting
  3119 | D:3      | Noticed a necrophage
  3658 | D:4      | Reached skill level 1 in Dodging
  3939 | D:4      | Found a hazy altar of Hepliaklqana.
  3940 | D:4      | Found a sacrificial altar of Ru.
  4162 | D:4      | Became a worshipper of Ru the Awakened
  4305 | D:4      | HP: 1/52 [hornet zombie (5)]
  4306 | D:4      | Mangled by a hornet zombie

Illustrated notes

Levels and vault maps discovered:
D:1:      dpeg_arrival_rooms_with_view, layout_basic
D:2:      layout_rooms, makhleb_heckhound_becter, grunt_decor_resistance,
          minmay_lizard_pond, uniq_crazy_yiuf_cottage, uniq_terence
D:3:      layout_loops_ring, st_stairs_10, uniq_ijyb
D:4:      layout_basic, gammafunk_temple_overflow_statue,
          minmay_temple_entry_ruins

Skill      XL: |  1  2  3  4 |
---------------+-------------+-----
Fighting       | 3 4 5 6 |  6.0
Stealth        | 3 |  3.0
Dodging        | 1 |  1.4
Short Blades   | |  1.7
Throwing       | |  2.0

Action                   |  1- 3 |  4- 6 || total
-------------------------+-------+-------++-------
Melee: Dagger            |   157 |    48 ||   205
       War axe           |       |     5 ||     5
  Use: Scroll            |     2 |     2 ||     4
 Stab: Sleeping          |     8 |     2 ||    10
Armor: Robe              |    60 |    15 ||    75
Dodge: Dodged            |    64 |    29 ||    93

Table legend: (Time is in decaauts)
 A = Elapsed time spent in this place.
 B = Non-inter-level travel time spent in this place.
 C = Inter-level travel time spent in this place.
 D = Time resting spent in this place.
 E = Time spent auto-exploring this place.
 F = Levels seen in this place.
 G = Mean time per level.
                   A        B        C        D        E       F      G
               +--------+--------+--------+--------+--------+-----+--------+
         Total |   4292 |   4008 |    284 |    124 |   3419 |   4 | 1073.0 |
       Dungeon |   4292 |   4008 |    284 |    124 |   3419 |   4 | 1073.0 |
               +--------+--------+--------+--------+--------+-----+--------+

Top non-repeatable levels by time:
     D:1: 1381 daAuts
     D:2: 1155 daAuts
     D:3: 1083 daAuts
     D:4: 672 daAuts
